 Dungeon Crawl Stone Soup version 0.27.1-2-g3b301248ec (webtiles) character file.

Game seed: 4613245793931117898

22214 pkoi the Carver (level 12, -3/112 HPs)
             Began as a Minotaur Fighter on Oct 4, 2021.
             Was a High Priest of Elyvilon.
             Slain by a catoblepas (8 damage)
             ... while petrified by a catoblepas
             ... on level 3 of the Lair of Beasts.
             The game lasted 00:15:06 (16220 turns).

pkoi the Carver (Minotaur Fighter)                 Turns: 16220, Time: 00:15:06

Health: -3/112     AC: 10    Str: 26    XL:     12   Next: 61%
Magic:  18/18      EV:  2    Int:  5    God:    Elyvilon [*****.]
Gold:   331        SH:  0    Dex: 10    Spells: 11/11 levels left

rFire    + . .     SeeInvis .   a - +5 long sword (freeze)
rCold    + + .     Faith    .   c - +0 kite shield
rNeg     + + +     Spirit   .   q - +2 ring mail {rC+}
rPois    ∞         Reflect  +   (helmet restricted)
rElec    .         Harm     .   h - scarf {rC+ rF+}
rCorr    .         Rampage  .   r - +0 pair of gloves
Will     .....                  j - +0 pair of boots
Stlth    ..........             l - amulet of reflection
HPRegen  0.28/turn              k - +4 ring of evasion
MPRegen  0.16/turn              u - ring of positive energy

@: petrified
A: horns 2, retaliatory headbutt
a: Renounce Religion, Lesser Healing, Heal Other, Purification, Greater Healing,
Divine Vigour, Divine Protection


You were on level 3 of the Lair of Beasts.
You worshipped Elyvilon.
Elyvilon was extremely pleased with you.
You visited 2 branches of the dungeon, and saw 16 of its levels.

You collected 715 gold pieces.
You spent 384 gold pieces at shops.

Inventory:

Hand Weapons
 a - a +5 long sword of freezing (weapon)
 b - a +0 scimitar of flaming
 y - a +1 long sword
Armour
 c - a +0 kite shield (worn)
 h - a scarf of resistance (worn)
 j - a +0 pair of boots (worn)
 q - a +2 ring mail of cold resistance (worn)
 r - a +0 pair of gloves (worn)
Jewellery
 i - an amulet of regeneration
 k - a +4 ring of evasion (left hand)
 l - an amulet of reflection (around neck)
 s - a ring of see invisible
 u - a ring of positive energy (right hand)
 A - a ring of fire
Wands
 n - a wand of digging (11)
 p - a wand of iceblast (6)
 t - a wand of acid (5)
 z - a wand of polymorph (8)
 E - a wand of flame (11)
Scrolls
 f - 4 scrolls of teleportation
 m - a scroll of summoning
 D - a scroll of enchant weapon
 F - a scroll of identify
Potions
 d - 4 potions of might
 e - a potion of haste
 g - 2 potions of heal wounds
 o - 5 potions of flight
 v - a potion of berserk rage
 w - 2 potions of ambrosia
 x - 7 potions of curing
 B - a potion of magic
 C - a potion of cancellation


   Skills:
 + Level 11.8 Fighting
 + Level 14.1 Long Blades
 - Level 5.0 Armour
 + Level 13.1 Shields
 + Level 9.6 Invocations


You had 11 spell levels left.
You didn't know any spells.
Your spell library contained the following spells:

 Spells                   Type           Power      Damage    Failure   Level
 Shock                    Conj/Air       0%         1d3       69%         1
 Swiftness                Air            0%         N/A       96%         3
 Tukima's Dance           Hex            0%         N/A       96%         3
 Airstrike                Air            0%         N/A       100%        4
 Passage of Golubria      Tloc           N/A        N/A       100%        4
 Fireball                 Conj/Fire      0%         3d3       100%        5
 Yara's Violent Unravell  Hex/Tmut       0%         3d3       100%        5
 Starburst                Conj/Fire      0%         6d3       100%        6
 Ignition                 Fire           0%         3d3       100%        8


Dungeon Overview and Level Annotations

Branches:
Dungeon (13/15)            Temple (0/1) D:6            Lair (3/6) D:11
    Orc (0/2) D:9
  Swamp: Lair:2-4    Shoals: Lair:2-4     Snake: Lair:2-4    Spider: Lair:2-4
 Vaults: D:13-14

Altars:
Ashenzari
Cheibriados
Elyvilon
Hepliaklqana
Trog
Vehumet
Xom
Zin

Shops:
D:1 [[   D:5 =   D:8 [?[   D:11 ?

Annotations:
D:3 Sigmund


Innate Abilities, Weirdness & Mutations

You have a pair of horns on your head.
You reflexively headbutt those who attack you in melee.


Message History

* * * LOW HITPOINT WARNING * * *
The catoblepas breathes a plume of calcifying dust at you.
The blast of calcifying dust hits you!
* * * LOW HITPOINT WARNING * * *
You hit the catoblepas but do no damage.
You headbutt the catoblepas.
The catoblepas is severely wounded.
You are engulfed in calcifying dust.
You are slowing down.
The yak gores you!
* * * LOW HITPOINT WARNING * * *
Unknown command.
Unknown command.
Unknown command.
The catoblepas breathes a plume of calcifying dust at you.
The blast of calcifying dust hits you.
* * * LOW HITPOINT WARNING * * *
The blast of calcifying dust hits the fungus!
The fungus begins to die.
The catoblepas gores you but does no damage.
Your limbs are stiffening.
You hit the catoblepas but do no damage.
The catoblepas is severely wounded.
You are engulfed in calcifying dust.
The fungus is engulfed in calcifying dust.
The yak gores you but does no damage.
The catoblepas breathes a plume of calcifying dust at you.
The blast of calcifying dust hits you.
* * * LOW HITPOINT WARNING * * *
The blast of calcifying dust hits the fungus!
You have turned to stone.
You are engulfed in calcifying dust.
The fungus is engulfed in calcifying dust.
The fungus turns to stone!
The yak gores you.
* * * LOW HITPOINT WARNING * * *
The catoblepas barely misses you.
You are engulfed in calcifying dust.
The fungus is engulfed in calcifying dust.
The yak gores you but does no damage. The catoblepas gores you!
You die...

... #..Y.P +#
##....##.##
#..##.....##
#..##......#.
#..#.........
#..#<....#
##.Y.######
#P@Y..####..
##...........
############


You could see a catoblepas and a yak.

Vanquished Creatures
  A hydra (Lair:2)
  A centaur warrior (D:11)
  3 two-headed ogres
  2 cyclopes
  4 elephants (Lair:2)
  4 black mambas
  A gargoyle (D:12)
  3 cane toads
  A komodo dragon (Lair:1)
  An efreet (D:13)
  2 trolls
  Grinder (D:3)
  3 hornets
  A meliai zombie (D:11)
  3 blink frogs (Lair:2)
  3 shadows (D:9)
  A wraith (D:12)
  34 yaks
  2 steam dragons
  A basilisk (D:13)
  3 vampire mosquitoes (D:12)
  3 acid dragons
  4 water moccasins
  3 orc warriors
  A sky beast (D:7)
  4 necrophages
  A black bear (D:7)
  A hornet zombie (D:8)
  An ice beast (D:7)
  An ogre (D:4)
  2 centaurs
  2 phantoms
  3 bullfrogs
  2 kobold brigands
  2 gnoll sergeants
  A wyvern zombie (D:8)
  4 scorpions
  A water moccasin zombie (D:6)
  An elephant simulacrum (Lair:2)
  A troll zombie (D:9)
  5 killer bees (D:10)
  9 wights
  4 centaur zombies
  A bullfrog zombie (D:5)
  3 hounds (D:5)
  6 orc priests
  A gnoll shaman (D:6)
  Terence (D:3)
  2 iguanas
  8 orc wizards
  A killer bee zombie (D:8)
  A wolf simulacrum (Lair:2)
  7 ogre zombies (D:9)
  A mummy (D:8)
  A howler monkey zombie (D:8)
  15 gnolls
  9 adders
  A shadow imp (D:6)
  3 white imps
  An ufetubus (D:5)
  3 worms
  2 dart slugs
  31 orcs
  6 bats
  7 endoplasms
  4 giant cockroaches
  7 hobgoblins
  5 jackals
  4 quokkas
  3 ball pythons
  4 frilled lizards
  10 goblins
  2 goblin skeletons (D:9)
  5 goblin zombies (D:9)
  A hobgoblin skeleton (D:9)
  2 hobgoblin zombies (D:9)
  12 kobolds
  An orc skeleton (D:9)
  13 orc zombies (D:9)
  6 rats
321 creatures vanquished.

Vanquished Creatures (others)
  A jumping spider (shapeshifter) (D:13)
  24 fungi
  27 plants
  A withered plant (D:8)
53 creatures vanquished.

Grand Total: 374 creatures vanquished

Notes
Turn   | Place    | Note
-------+----------+-------------------------------------------
     0 | D:1      | pkoi the Minotaur Fighter began the quest for the Orb.
     0 | D:1      | Reached XP level 1. HP: 19/19 MP: 0/0
    37 | D:1      | Reached skill level 3 in Long Blades
    43 | D:1      | Reached XP level 2. HP: 11/26 MP: 1/1
   507 | D:1      | Found a faded altar of an unknown god.
   525 | D:1      | Found Xoptaoc's Armour Boutique.
   592 | D:1      | Reached XP level 3. HP: 31/31 MP: 2/2
   887 | D:1      | Found Cecouj's Antique Armour Emporium.
   983 | D:2      | Reached skill level 4 in Long Blades
  1435 | D:2      | Reached XP level 4. HP: 39/39 MP: 3/3
  1736 | D:2      | Reached skill level 5 in Long Blades
  2010 | D:3      | Found a shimmering altar of Xom.
  2027 | D:3      | Noticed Sigmund
  2230 | D:4      | Noticed a phantom
  2240 | D:4      | Killed a phantom
  2241 | D:4      | Reached skill level 6 in Long Blades
  2241 | D:4      | Reached skill level 5 in Shields
  2241 | D:4      | Reached XP level 5. HP: 39/45 MP: 4/4
  2370 | D:4      | Reached XP level 6. HP: 50/51 MP: 5/5
  2921 | D:4      | Reached skill level 7 in Long Blades
  3029 | D:4      | Found a radiant altar of Vehumet.
  3614 | D:5      | Entered Level 5 of the Dungeon
  3651 | D:5      | Found a white marble altar of Elyvilon.
  3666 | D:5      | Reached XP level 7. HP: 46/57 MP: 6/6
  3734 | D:5      | Reached skill level 8 in Long Blades
  4034 | D:5      | Reached skill level 9 in Long Blades
  4537 | D:5      | Found a bloodstained altar of Trog.
  4636 | D:5      | Found Hacruuna's Jewellery Shoppe.
  4760 | D:5      | Reached XP level 8. HP: 64/64 MP: 7/7
  4917 | D:5      | Became a worshipper of Elyvilon the Healer
  5090 | D:3      | Noticed Terence
  5102 | D:3      | Killed Terence
  5315 | D:3      | Found a faded altar of an unknown god.
  5318 | D:3      | Found a faded altar of an unknown god.
  5318 | D:3      | Found a hazy altar of Hepliaklqana.
  5320 | D:3      | Found a faded altar of an unknown god.
  5598 | D:3      | Noticed Grinder
  5604 | D:3      | Paralysed by Grinder for 4 turns
  5619 | D:3      | Killed Grinder
  5620 | D:3      | Reached skill level 1 in Invocations
  6224 | D:6      | Reached * piety under Elyvilon
  6298 | D:6      | Found a staircase to the Ecumenical Temple.
  7017 | D:7      | Found a broken altar of Ashenzari.
  7222 | D:7      | Reached skill level 5 in Fighting
  7269 | D:7      | Reached ** piety under Elyvilon
  7309 | D:7      | Reached skill level 10 in Long Blades
  7309 | D:7      | Reached skill level 5 in Armour
  7681 | D:7      | Reached XP level 9. HP: 65/74 MP: 10/10
  8103 | D:8      | Found Ninus's Armour Emporium.
  8291 | D:8      | Reached *** piety under Elyvilon
  8340 | D:8      | Found a snail-covered altar of Cheibriados.
  8459 | D:8      | Found Xokkerucae's Armour Shoppe.
  8470 | D:8      | Bought a scarf of resistance for 384 gold pieces
  8480 | D:8      | Found Plog's Magic Scroll Emporium.
  8909 | D:9      | Reached skill level 11 in Long Blades
  9206 | D:9      | Reached skill level 5 in Invocations
  9214 | D:9      | Reached XP level 10. HP: 54/86 MP: 12/12
  9278 | D:9      | Found a staircase to the Orcish Mines.
  9770 | D:9      | Reached skill level 10 in Shields
  9937 | D:9      | Found a glowing silver altar of Zin.
 10039 | D:9      | Noticed a two-headed ogre
 10040 | D:9      | Reached **** piety under Elyvilon
 10055 | D:9      | Killed a two-headed ogre
 10463 | D:10     | Entered Level 10 of the Dungeon
 10639 | D:10     | Noticed a two-headed ogre
 10649 | D:10     | Killed a two-headed ogre
 10650 | D:10     | Reached skill level 12 in Long Blades
 10664 | D:10     | Noticed a cyclops
 11080 | D:10     | Killed a cyclops
 11160 | D:10     | Reached XP level 11. HP: 89/97 MP: 15/15
 11364 | D:10     | Paralysed by a hornet for 3 turns
 11969 | D:11     | Found Veelygun's Magic Scroll Shop.
 12807 | D:11     | Found a staircase to the Lair.
 12864 | D:11     | Noticed a seven-headed hydra
 12867 | D:11     | Pacified a seven-headed hydra
 13038 | D:11     | Reached skill level 10 in Fighting
 13231 | D:11     | Noticed a centaur warrior
 13255 | D:11     | Killed a centaur warrior
 13256 | D:11     | Reached skill level 13 in Long Blades
 14080 | D:12     | Noticed a two-headed ogre
 14087 | D:12     | Killed a two-headed ogre
 14175 | D:12     | Reached ***** piety under Elyvilon
 14231 | D:12     | Reached XP level 12. HP: 93/108 MP: 17/17
 14679 | Lair:1   | Entered Level 1 of the Lair of Beasts
 14931 | Lair:1   | You fall into a shaft and drop 1 floor!
 14948 | Lair:2   | Noticed a six-headed hydra
 14958 | Lair:2   | Killed a two-headed hydra
 15662 | Lair:2   | Reached skill level 14 in Long Blades
 16196 | Lair:3   | Noticed a catoblepas
 16219 | Lair:3   | HP: 5/112 [yak (3)]
 16220 | Lair:3   | Slain by a catoblepas

Illustrated notes

Levels and vault maps discovered:
D:1:      minmay_arrival_checkered_box, layout_basic,
          hellmonk_ecumenical_altar_pennies_from_heaven, serial_shops,
          nicolae_diamond_shop, shop, hangedman_decor_peaks_small
D:2:      layout_basic, hangedman_abyss_or_decor_stabs, dk_vineyard_3
D:3:      layout_loops_ring, xom_teletrap_fun,
          nicolae_hepliaklqana_ecumenical_no_more, item_on_display_a,
          uniq_grinder, uniq_terence, uniq_sigmund
D:4:      layout_loops_ring, mainiacjoe_overflow_alcove_4
D:5:      layout_basic, mainiacjoe_overflow_paths, mainiacjoe_overflow_catwalk,
          serial_shops, nicolae_shop_trees
D:6:      layout_basic, temple_statues
D:7:      layout_basic, mainiacjoe_overflow_brackets
D:8:      layout_rooms, chei_slow_surprise, serial_undead, serial_undead_d,
          serial_undead_d, serial_undead_e, serial_undead_c, serial_undead_c,
          serial_shops, shop, nicolae_shop_trees, nicolae_shop_waterfront,
          nrook_uturn
D:9:      layout_loops_ring, zin_treasury, zombieorc2_lemuel
D:10:     layout_basic
D:11:     layout_basic, grunt_lair_entry_orc_guard_hut, serial_shops, shop
D:12:     layout_cave_pods
D:13:     lemuel_flame_loot_2, layout_gridville, gauntlet_entry_generic,
          hangedman_decor_push, nicolae_evil_shop, uniq_urug
Lair:1:   layout_small_grid
Lair:2:   layout_gridlike, portal_ice_cave_entry_ice_simulacra
Lair:3:   layout_regular_city, palyth_hydra_swamp_entry, serial_bayou,
          serial_bayou_pond_b, serial_bayou_lagoon_a, serial_bayou_lagoon_b,
          serial_bayou_shore_b, kennysheep_snail_temple,
          minmay_lair_oklob_chamber

Skill      XL: |  1  2  3  4  5  6  7  8  9 10 11 12 |
---------------+-------------------------------------+-----
Long Blades    | 3 4 6 7 9 10 11 12 13 14 | 14.1
Shields        | 4 5 6 7 8 9 11 12 13 | 13.1
Fighting       | 5 7 9 10 11 | 11.8
Armour         | 5 |  5.0
Invocations    | 3 5 6 8 9 |  9.6

Action                   |  1- 3 |  4- 6 |  7- 9 | 10-12 || total
-------------------------+-------+-------+-------+-------++-------
Melee: Long sword        |    74 |   147 |   342 |   571 ||  1134
       Headbutt          |     9 |    30 |    71 |   133 ||   243
       Scimitar          |       |       |       |     9 ||     9
Invok: Heal Other        |       |       |       |     3 ||     3
  Use: Scroll            |       |       |    15 |     7 ||    22
Armor: Scale mail        |    24 |    41 |    11 |       ||    76
       Ring mail         |       |       |    54 |    88 ||   142
Dodge: Dodged            |    14 |    46 |   138 |   147 ||   345
Block: Kite shield       |    41 |    59 |   273 |   421 ||   794
       Reflection        |       |       |     8 |     7 ||    15
       Rpst.: Long sword |     4 |    12 |    37 |    31 ||    84
       Scimitar          |       |       |       |     2 ||     2
